 Dungeon Crawl Stone Soup version 0.26-a0-708-g17f3b190f9 (webtiles) character file.

Game seed: 14372319332780815159

112 Ijustatesigmund the Sneak (level 4, 19/31 HPs)
             Began as an Octopode Fighter on Oct 29, 2020.
             Quit the game on level 4 of the Dungeon.
             The game lasted 00:02:15 (1593 turns).

Ijustatesigmund the Sneak (Octopode Fighter)        Turns: 1593, Time: 00:02:16

Health: 19/31      AC:  1    Str: 15    XL:     4   Next: 93%
Magic:  4/4        EV: 11    Int: 11    God:
Gold:   113        SH:  8    Dex: 11    Spells: 3/3 levels left

rFire    . . .     SeeInvis .   e - -2 hand axe (curse)
rCold    . . .     Faith    .   b - +0 kite shield
rNeg     . . .     Spirit   .   (helmet restricted)
rPois    .         Reflect  .   g - amulet of magic regeneration
rElec    .         Harm     .   (no ring)
rCorr    .         Rampage  .   (no ring)
MR       .....                  (no ring)
Stlth    +++.......             (no ring)
HPRegen  0.10/turn              (no ring)
MPRegen  0.34/turn              (no ring)
                                (no ring)
                                (no ring)

@: no status effects
A: almost no armour, stealthy swim, amphibious, 8 rings, constrict 8, camouflage
1, gelatinous body 1
a: no special abilities


You were on level 4 of the Dungeon.
You visited 1 branch of the dungeon, and saw 3 of its levels.

You collected 113 gold pieces.

Inventory:

Hand Weapons
 a - a +0 war axe
 e - a cursed -2 hand axe (weapon)
Armour
 b - a +0 kite shield (worn)
Jewellery
 g - an amulet of magic regeneration (around mantle)
Scrolls
 d - a scroll of teleportation
Potions
 c - a potion of might
 f - 2 potions of heal wounds {unknown}


   Skills:
 - Level 3.0 Fighting
 + Level 3.7 Axes
 - Level 3.0 Dodging
 + Level 4.3 Stealth
 - Level 3.0 Shields


You had 3 spell levels left.
You didn't know any spells.
Your spell library was empty.

Dungeon Overview and Level Annotations

Branches:
Dungeon (2/15)

Altars:


Innate Abilities, Weirdness & Mutations

You cannot wear most types of armour.
You are very stealthy in the water. (Stealth+)
You are amphibious.
You can wear up to eight rings at the same time.
You can use your tentacles to constrict eight enemies at once.
Your skin changes colour to match your surroundings (Stealth+).
Your rubbery body absorbs attacks. (AC +1, EV +1)


Message History

As you read the scroll labeled KEKYEM YKYRYO, it crumbles to dust.
You assume a fearsome visage.
Nothing appears to happen.
It was a scroll of fear.
Unknown command.
As you read the scroll labeled ATUMMU ONAUCIQ, it crumbles to dust.
You hear a loud clanging noise!
It was a scroll of noise.
Press: ? - help, Dir - move target cursor
As you read the scroll labeled YMICRISH YDYW, it crumbles to dust.
It was a scroll of blinking.
As you read the scroll labeled JYICVE ANUMU, it crumbles to dust.
It is a scroll of amnesia.
You feel forgetful for a moment.
There is an escape hatch in the ceiling here.
You see here a runed hand axe.
e - a runed hand axe It sticks to your tentacle!
e - a cursed -2 hand axe (weapon)
Okay, then.
Are you sure you want to abandon this character and quit the game? (Confirm with "yes".)

#.... #..# #..#
#..# ######..#
#.......#
#.####..# # #
#.†#######.#
#...###..<....@..#
#.......†...#.####
.........##......
########......###
#####.## #.# #..
....


There were no monsters in sight!

Vanquished Creatures
  A scorpion (D:4)
  An ooze (D:2)
  An adder skeleton (D:4)
  2 worms (D:2)
  3 dart slugs
  2 ball pythons
  9 bats
  A giant cockroach (D:2)
  4 goblins
  2 hobgoblins
  5 kobolds
  2 quokkas
  2 frilled lizards
  8 rats
43 creatures vanquished.

Notes
Turn   | Place    | Note
-------+----------+-------------------------------------------
     0 | D:1      | Ijustatesigmund the Octopode Fighter began the quest for
                  | the Orb.
     0 | D:1      | Reached XP level 1. HP: 16/16 MP: 1/1
    49 | D:1      | Reached skill level 1 in Stealth
   119 | D:1      | Reached XP level 2. HP: 18/21 MP: 2/2
   198 | D:1      | Reached skill level 2 in Stealth
   676 | D:2      | Reached XP level 3. HP: 17/26 MP: 3/3
   953 | D:2      | Reached skill level 3 in Stealth
  1494 | D:2      | Reached XP level 4. HP: 25/31 MP: 4/4
  1556 | D:2      | You fall into a shaft and drop 2 floors!
  1566 | D:4      | Reached skill level 4 in Stealth
  1593 | D:4      | Quit the game

Illustrated notes

Levels and vault maps discovered:
D:1:      scummos_arrival_simple_crosswalls, layout_loops_ring
D:2:      layout_basic, kennysheep_cross_room
D:4:      layout_loops_ring, lemuel_doored_altar,
          nicolae_overflow_hidden_temple, gammafunk_ghost_stat_death,
          chequers_ossuary_entry_cave

Skill      XL: |  1  2  3  4 |
---------------+-------------+-----
Stealth        | 1 2 3 4 |  4.3
Axes           | 3 |  3.7
Fighting       | |  3.0
Dodging        | |  3.0
Shields        | |  3.0

Action                   |  1- 3 |  4- 6 || total
-------------------------+-------+-------++-------
Melee: War axe           |    70 |     6 ||    76
       Constrict         |    18 |     2 ||    20
       Tentacles         |     9 |     2 ||    11
  Use: Scroll            |       |     5 ||     5
 Stab: Sleeping          |     8 |     2 ||    10
       Distracted        |     1 |       ||     1
Armor: Skin              |     2 |       ||     2
Dodge: Dodged            |    32 |     1 ||    33
Block: Kite shield       |    29 |     1 ||    30

Table legend: (Time is in decaauts)
 A = Elapsed time spent in this place.
 B = Non-inter-level travel time spent in this place.
 C = Inter-level travel time spent in this place.
 D = Time resting spent in this place.
 E = Time spent auto-exploring this place.
 F = Levels seen in this place.
 G = Mean time per level.
                   A        B        C        D        E       F      G
               +--------+--------+--------+--------+--------+-----+--------+
         Total |   1626 |   1590 |     36 |    335 |    971 |   3 |  542.0 |
       Dungeon |   1626 |   1590 |     36 |    335 |    971 |   3 |  542.0 |
               +--------+--------+--------+--------+--------+-----+--------+

Top non-repeatable levels by time:
     D:1: 830 daAuts
     D:2: 756 daAuts
     D:4: 39 daAuts
